Map: Lerilak Crest

Players

AcerBly (Bly)

  • Race: Zerg Zerg
  • League: Grandmaster

ShoWTimE - Winner!

  • Race: Protoss Protoss
  • League: Grandmaster

Event: 2016 WCS Winter Challenger Europe

VOD

Have the link to the VOD?

Description

Time

  • Played on: Feb. 13, 2016, 12:44 p.m.
  • Length: 11:21

All games in this series

Show
View Real Time Build Order
Export as new Build Order

AcerBly Zerg 

Build Orders: 3 Hatch before Pool 

Get SALT Encoding   

  12  0:01  Drone  
  13  0:13  Overlord  
  13  0:17  Drone  
  14  0:31  Drone x2  
  16  0:37  Drone  
  17  0:53  Hatchery  
  17  0:56  Drone  
  17  1:04  Drone  
  18  1:21  Hatchery  
  18  1:25  Drone  
  18  1:26  Extractor  
  17  1:39  Spawning Pool  
  16  1:41  Drone  
  16  1:46  Drone  
  18  1:54  Drone x2  
  20  2:07  Drone x2  
  22  2:15  Drone  
  23  2:23  Drone  
  23  2:26  Drone  
  25  2:30  Metabolic Boost  
  25  2:32  Queen  
  25  2:34  Queen  
  29  2:42  Queen  
  31  2:47  Drone x2  
  33  2:54  Overlord  
  33  2:55  Overlord  
  33  3:03  Zergling x2  
  34  3:15  Zergling x10  
  34  3:17  Zergling x4  
  34  3:18  Zergling x4  
  43  3:30  Overlord  
  43  3:34  Zergling x4  
  45  3:47  Evolution Chamber  
  44  3:49  Drone x8  
  44  3:50  Drone  
  53  3:56  Overlord x2  
  53  4:01  Overlord  
  53  4:02  Overlord  
  52  4:30  Drone x4  
  52  4:31  Drone x11  
  67  4:39  Overlord  
  67  4:44  Drone x2  
  67  4:45  Drone x3  
  72  4:50  Overlord  
  72  4:51  Lair  
  71  4:55  Drone x3  
  71  4:57  Overlord  
  74  5:04  Drone x3  
  76  5:07  Overlord, Queen  
  76  5:09  Spore Crawler  
  76  5:11  Extractor  
  76  5:14  Overlord  
  76  5:17  Extractor  
  76  5:18  Drone x4, Roach Warren  
  78  5:25  Overlord  
  78  5:26  Spore Crawler  
  76  5:29  Overlord  
  76  5:34  Drone x4  
  76  5:35  Drone  
  73  5:37  Drone x3  
  73  5:40  Extractor  
  73  5:41  Extractor  
  74  5:44  Extractor  
  74  5:45  Spore Crawler  
  72  5:54  Overlord  
  72  5:55  Queen x3  
  75  5:57  Glial Reconstitution  
  75  5:58  Zergling x2  
  75  5:59  Drone x4, Hydralisk Den  
  75  6:00  Drone  
  75  6:04  Drone x3  
  82  6:06  Drone  
  82  6:09  Drone  
  84  6:13  Drone x3  
  84  6:27  Drone x6  
  84  6:28  Drone  
  84  6:29  Overlord  
  91  6:34  Zerg Missile Weapons Level 1, Muscular Augments  
  91  6:41  Drone x3  
  94  6:47  Overlord  
  94  6:49  Infestation Pit  
  94  6:53  Drone x2  
  94  6:54  Hatchery  
  91  6:58  Drone x3  
  91  6:59  Drone  
  90  7:10  Overlord  
  89  7:16  Spire, Drone x3  
  89  7:21  Hydralisk  
  89  7:22  Hydralisk x6  
  105  7:25  Hive  
  105  7:27  Hydralisk x3  
  111  7:36  Overlord  
  110  7:37  Hydralisk  
  110  7:38  Hydralisk x2  
  110  7:41  Overlord x3  
  116  7:48  Roach  
  116  7:49  Overlord x2, Roach x2  
  122  7:57  Lurker Den  
  122  8:09  Drone x7  
  122  8:10  Overlord  
  122  8:11  Infestor x2  
  133  8:19  Extractor  
  132  8:20  Overlord  
  132  8:22  Extractor  
  131  8:30  Drone  
  131  8:31  Drone  
  131  8:32  Drone x4  
  137  8:45  Greater Spire  
  137  8:46  Drone  
  137  8:47  Drone x7  
  145  8:54  Roach x6  
  145  8:55  Roach x2  
  159  8:58  Ravager x2  
  159  9:01  Queen, Roach x5  
  159  9:02  Queen  
  175  9:06  Overseer  
  175  9:08  Spore Crawler  
  174  9:10  Spore Crawler  
  174  9:12  Spore Crawler  
  174  9:14  Roach  
  174  9:15  Overlord, Roach x6  
  186  9:29  Overlord x2  
  186  9:45  Spine Crawler x2  
  184  9:47  Spine Crawler  
  184  9:48  Hatchery x2  
  184  9:52  Roach x10  
  180  9:53  Roach  
  140  10:01  Roach x2  
  110  10:09  Queen, Roach x2  
  110  10:10  Queen  
  97  10:15  Ravager  
  97  10:16  Ravager x3  
  97  10:17  Ravager x3  
  97  10:18  Ravager  
  97  10:19  Roach x3  
  105  10:23  Roach  
  105  10:27  Ravager x2  
  104  10:39  Roach  
  104  10:40  Roach x3  
  92  10:46  Roach x6  
  101  10:56  Roach x3  
Show
View Real Time Build Order
Export as new Build Order

ShoWTimE Protoss - Winner!

Build Orders: 1 Gate Expand, Phoenix Opening 

Get SALT Encoding   

  12  0:01  Probe (Chrono Boost)  
  13  0:11  Probe (Chrono Boost)  
  14  0:18  Pylon  
  14  0:22  Probe (Chrono Boost)  
  15  0:37  Probe (Chrono Boost)  
  15  0:38  Gateway  
  16  0:45  Assimilator  
  16  0:48  Probe (Chrono Boost)  
  17  0:58  Probe (Chrono Boost)  
  18  1:09  Probe (Chrono Boost)  
  19  1:24  Nexus  
  19  1:32  Probe (Chrono Boost)  
  20  1:36  Assimilator  
  20  1:45  Cybernetics Core  
  20  1:49  Probe (Chrono Boost)  
  21  1:56  Pylon  
  21  2:00  Probe (Chrono Boost)  
  22  2:10  Probe (Chrono Boost)  
  23  2:21  Probe (Chrono Boost), Adept  
  23  2:22  Warp Gate  
  26  2:27  Stargate  
  26  2:31  Probe (Chrono Boost)  
  27  2:37  Probe (Chrono Boost)  
  27  2:42  Probe (Chrono Boost)  
  29  2:48  Mothership Core (Chrono Boost)  
  31  2:51  Adept  
  31  2:52  Probe (Chrono Boost)  
  34  3:03  Probe (Chrono Boost)  
  35  3:06  Probe (Chrono Boost), Pylon  
  35  3:12  Probe (Chrono Boost), Phoenix (Chrono Boost)  
  38  3:17  Probe  
  40  3:22  Probe  
  41  3:29  Probe  
  41  3:31  Gateway  
  41  3:33  Probe  
  42  3:38  Phoenix (Chrono Boost)  
  45  3:41  Probe  
  45  3:43  Probe, Pylon  
  47  3:53  Probe  
  47  3:54  Probe  
  49  3:59  Gateway  
  49  4:02  Phoenix (Chrono Boost)  
  51  4:04  Probe  
  51  4:06  Probe  
  53  4:11  Assimilator  
  53  4:15  Probe  
  53  4:16  Assimilator  
  54  4:18  Probe  
  55  4:24  Pylon  
  55  4:25  Probe, Phoenix (Chrono Boost)  
  55  4:28  Sentry  
  60  4:35  Probe  
  60  4:36  Pylon  
  61  4:39  Probe  
  61  4:43  Pylon  
  62  4:46  Phoenix (Chrono Boost)  
  62  4:49  Gateway  
  62  4:51  Gateway  
  64  4:55  Pylon  
  64  5:03  Sentry  
  64  5:04  Adept x2  
  70  5:07  Probe  
  70  5:08  Phoenix (Chrono Boost)  
  70  5:09  Probe  
  70  5:11  Pylon  
  74  5:22  Probe  
  74  5:25  Nexus  
  75  5:29  Adept  
  77  5:38  Probe, Phoenix (Chrono Boost)  
  77  5:39  Pylon  
  80  5:44  Probe  
  81  5:57  Probe  
  81  6:01  Robotics Facility, Forge  
  81  6:02  Robotics Facility  
  80  6:06  Probe  
  80  6:08  Probe  
  82  6:12  Pylon  
  82  6:18  Probe x2, Twilight Council  
  84  6:29  Probe  
  84  6:30  Probe  
  86  6:34  Pylon  
  86  6:36  Probe  
  86  6:38  Assimilator  
  86  6:39  Protoss Ground Weapons Level 1 (Chrono Boost)  
  87  6:41  Probe  
  87  6:42  Probe  
  87  6:44  Assimilator  
  87  6:46  Probe  
  89  6:49  Charge  
  89  6:51  Immortal x2 (Chrono Boost)  
  89  6:54  Probe x2  
  100  7:04  Templar Archives  
  100  7:06  Probe  
  100  7:08  Probe  
  102  7:16  Zealot x2  
  102  7:17  Zealot x3  
  102  7:18  Probe  
  102  7:19  Probe  
  102  7:21  Photon Cannon  
  114  7:31  Immortal (Chrono Boost)  
  114  7:32  Immortal (Chrono Boost)  
  122  7:45  Gateway  
  122  7:53  Gateway  
  122  7:55  Gateway  
  122  7:57  Gateway, High Templar  
  124  7:59  Pylon  
  124  8:00  Pylon  
  124  8:01  Pylon  
  124  8:02  Nexus  
  124  8:06  Pylon  
  124  8:10  Observer (Chrono Boost)  
  123  8:15  Pylon  
  123  8:19  Zealot, High Templar x3  
  131  8:24  Warp Prism (Chrono Boost)  
  131  8:26  Archon  
  131  8:27  Archon  
  131  8:31  Protoss Ground Weapons Level 2 (Chrono Boost)  
  133  8:36  Gateway  
  133  8:37  Photon Cannon  
  133  8:39  Pylon, High Templar  
  135  8:41  High Templar  
  135  8:42  Zealot  
  135  8:47  Pylon  
  143  8:51  Archon  
  139  8:57  High Templar x4  
  139  8:59  Zealot  
  149  9:03  Archon x2  
  149  9:06  Zealot x2  
  153  9:20  Psionic Storm  
  153  9:22  Zealot x3  
  157  9:25  Assimilator  
  157  9:28  Zealot x2  
  157  9:29  Zealot  
  157  9:30  Assimilator  
  163  9:32  Zealot  
  163  9:33  Zealot x2  
  163  9:37  Zealot  
  169  9:47  Immortal  
  169  9:49  Immortal  
  169  9:50  Zealot  
  169  9:51  Zealot x5  
  167  9:57  Zealot x4  
  143  10:09  Probe  
  142  10:19  High Templar x2  
  142  10:20  Zealot, High Templar x2  
  142  10:21  Zealot x5  
  156  10:24  Archon  
  156  10:25  Archon  
  162  10:42  Zealot x6  
  166  10:52  Zealot x4  
  158  11:04  Zealot x2  
  158  11:05  Zealot x4  
  164  11:18  High Templar x4  
Tags
 
Add a new tag
Caveats
  • Supply blocks, unpowered buildings, or Contaminate may cause inaccurate times.
  • Supply counts are checked every 10 seconds.